 Dungeon Crawl Stone Soup version 0.31-a0-960-g0fca184906 (webtiles) character file.

Game seed: 9715948627324915680

4 Azuregosa the Sneak (level 1, -7/16 HPs)
             Began as an Octopode Delver on Oct 23, 2023.
             Mangled by a mummy (18 damage)
             ... in an ossuary.
             The game lasted 00:01:01 (103 turns).

Azuregosa the Sneak (Octopode Delver)                Turns: 103, Time: 00:01:02

Health: -7/16      AC:  1    Str: 11    XL:     1   Next: 60%
Magic:  1/1        EV: 13    Int: 12    God:
Gold:   0          SH:  0    Dex: 13    Spells: 0/0 levels left

rFire   . . .        a - +0 hand axe
rCold   . . .        (no shield)
rNeg    . . .        (helmet restricted)
rPois   .            (no amulet)
rElec   .            (no ring)
rCorr   .            (no ring)
SInv    .            (no ring)
Will    .....        (no ring)
Stlth   ++++         (no ring)
HPRegen 0.22/turn    (no ring)
MPRegen 0.07/turn    (no ring)
                     (no ring)

%: no passive effects
@: no status effects
A: almost no armour, amphibious, 8 rings, camouflage 1, gelatinous body 1,
(nimble swimmer 1), tentacles
a: no special abilities


You were in an ossuary.
You visited 1 branch of the dungeon, and saw 1 of its levels.
You also visited: Ossuary.

Inventory:

Hand Weapons
 a - a +0 hand axe (weapon)
Wands
 f - a wand of digging (3)
Scrolls
 b - a scroll of fog
 d - a scroll of fear
Potions
 e - a potion of haste


   Skills:
 + Level 3.1 Fighting
 + Level 2.2 Axes
 - Level 2.0 Dodging
 - Level 6.6 Stealth


You couldn't memorise any spells.
You didn't know any spells.
Your spell library was empty.

Dungeon Overview and Level Annotations

Branches:
Dungeon (5/15)            Ossuary (1/1)
 Temple: D:4-7

Altars:


Innate Abilities, Weirdness & Mutations

You cannot wear most types of armour.
You are amphibious.
You can wear up to eight rings at the same time.
Your skin changes colour to match your surroundings (Stealth+).
Your rubbery body absorbs attacks. (AC +1, EV +1)
((You are camouflaged when in or above water. (Stealth+)))
You have tentacles for arms and can constrict up to eight enemies at once.


Message History

The gnoll zombie hits you.
You hit the gnoll zombie.
You destroy the gnoll zombie!
You start resting.
HP restored.
You strike the helpless kobold zombie from behind!
You slash the kobold zombie! You grab the kobold zombie.
You squeeze the kobold zombie.
You destroy the kobold zombie!
You hit the hobgoblin zombie. You grab the hobgoblin zombie.
The hobgoblin zombie is moderately damaged.
You constrict the hobgoblin zombie. The hobgoblin zombie barely misses you.
You hit the hobgoblin zombie but do no damage.
The hobgoblin zombie is heavily damaged.
You constrict the hobgoblin zombie.
You hit the hobgoblin zombie but do no damage.
You squeeze the hobgoblin zombie.
You destroy the hobgoblin zombie!
You hit the kobold zombie. You grab the kobold zombie.
The kobold zombie is severely damaged.
You constrict the kobold zombie.
You destroy the kobold zombie! 2 mummies and a kobold zombie come into view. 2 mummies come into view.
A hobgoblin zombie comes into view.
You hit the mummy. Your grab misses the mummy. Your squeeze misses the mummy.
The mummy is lightly damaged.
The mummy completely misses you.
You hit the mummy but do no damage. You grab the mummy.
The mummy is lightly damaged.
You constrict the mummy. You hit the mummy but do no damage.
The mummy is lightly damaged.
You constrict the mummy. The mummy hits you.
You hit the mummy.
The mummy is heavily damaged.
You constrict the mummy, but do no damage.
The mummy hits you!!
Ouch! That really hurt!
You die...

#....#
#....#
#....#
#....#
#....#
#....#
#....#
#M...#
#@∩∩.#
######


You could see a mummy.

Vanquished Creatures
  A gnoll zombie (Ossuary)
  A hobgoblin zombie (Ossuary)
  3 kobold zombies (Ossuary)
5 creatures vanquished.

Notes
Turn   | Place    | Note
-------+----------+-------------------------------------------
     0 | D:5      | Azuregosa the Octopode Delver began the quest for the Orb.
     0 | D:5      | Reached XP level 1. HP: 16/16 MP: 1/1
     0 | D:5      | Found a sand-covered staircase.
    10 | Ossuary  | Entered an ossuary
   103 | Ossuary  | Mangled by a mummy

Illustrated notes

Levels and vault maps discovered:
D:5:      cheibrodos_helix_gallery, layout_loops_cross,
          mainiacjoe_overflow_alcove_4, enter_ossuary_1, minmay_crystal_water,
          uniq_pikel, uniq_eustachio
Ossuary:  ossuary_tomb_3

Action                     || total
---------------------------++-------
  Melee: Hand axe          ||    14
         Constrict         ||     6
         Tentacles         ||     3
    Use: Scroll            ||     1
   Stab: Distracted        ||     1
 Armour: Skin              ||     4
  Dodge: Dodged            ||     3

Table legend: (Time is in decaauts)
 A = Elapsed time spent in this place.
 B = Non-inter-level travel time spent in this place.
 C = Inter-level travel time spent in this place.
 D = Time resting spent in this place.
 E = Time spent auto-exploring this place.
 F = Levels seen in this place.
 G = Mean time per level.
                   A        B        C        D        E       F      G
               +--------+--------+--------+--------+--------+-----+--------+
         Total |    105 |    105 |      0 |     15 |      0 |   2 |   52.5 |
       Dungeon |     10 |     10 |      0 |      0 |      0 |   1 |   10.0 |
       Ossuary |     95 |     95 |      0 |     15 |      0 |   1 |   95.0 |
               +--------+--------+--------+--------+--------+-----+--------+

Top non-repeatable levels by time:
 Ossuary: 95 daAuts
     D:5: 10 daAuts
